 Dungeon Crawl Stone Soup version 0.27.1-3-gb3d3a73c9e (webtiles) character file.

Game seed: 2792006639819770135

65 Descartes the Grasshopper (level 3, -1/18 HPs)
             Began as a Spriggan Wanderer on Oct 23, 2021.
             Hit by a boomerang thrown by an orc (2 damage)
             ... on level 3 of the Dungeon.
             The game lasted 00:08:16 (3775 turns).

Descartes the Grasshopper (Spriggan Wanderer)       Turns: 3775, Time: 00:08:16

Health: -1/18      AC:  2    Str:  8    XL:     3   Next: 94%
Magic:  3/8        EV: 15    Int: 12    God:
Gold:   78         SH:  0    Dex: 16    Spells: 6/7 levels left

rFire    . . .     SeeInvis +   m - +0 dagger
rCold    . . .     Faith    .   (shield restricted)
rNeg     . . .     Spirit   .   c - +0 robe
rPois    .         Reflect  .   (helmet restricted)
rElec    .         Harm     .   (no cloak)
rCorr    .         Rampage  .   (gloves unavailable)
Will     .....                  (boots unavailable)
Stlth    +.........             (no amulet)
HPRegen  0.06/turn              (no ring)
MPRegen  0.11/turn              (no ring)

@: very quick
A: very small, no large weapons, unfitting armour, see invisible, speed 3
a: no special abilities


You were on level 3 of the Dungeon.
You visited 1 branch of the dungeon, and saw 3 of its levels.

You collected 78 gold pieces.

Inventory:

Hand Weapons
 a - a +0 spear
 m - a +0 dagger (weapon)
Missiles
 e - 40 arrows
 f - 91 stones
 o - 9 poisoned darts
Armour
 c - a +0 robe (worn)
Jewellery
 h - a ring of protection from fire
Scrolls
 g - 6 scrolls of identify {unknown}
 i - a scroll of enchant weapon {unknown}
 j - a scroll of enchant armour {unknown}
 k - 3 scrolls of teleportation {unknown}
Potions
 b - a potion of lignification
 d - a potion of mutation {unknown}
 l - a potion of brilliance {unknown}
 n - a potion of heal wounds {unknown}
 p - a potion of flight {unknown}
 q - a potion of cancellation {unknown}


   Skills:
 - Level 1.5 Fighting
 - Level 1.0 Polearms
 - Level 2.6 Spellcasting
 + Level 2.7 Conjurations
 - Level 3.0 Translocations
 - Level 1.0 Air Magic
 - Level 2.6 Evocations


You had 6 spell levels left.
You knew the following spells:

 Your Spells              Type           Power      Damage    Failure   Level
a - Magic Dart            Conj           32%        1d4       9%          1

Your spell library contained the following spells:

 Spells                   Type           Power      Damage    Failure   Level
 Blink                    Tloc           N/A        N/A       11%         2
 Call Imp                 Summ           1%         N/A       36%         2
 Slow                     Hex            1%         N/A       36%         2
 Conjure Flame            Conj/Fire      4%         6-21      41%         3
 Mephitic Cloud           Conj/Pois/Air  4%         N/A       43%         3


Dungeon Overview and Level Annotations

Branches:
Dungeon (3/15)

Altars:
Makhleb


Innate Abilities, Weirdness & Mutations

You are very small and have problems with some larger weapons.
You are too small for most types of armour.
You have supernaturally acute eyesight. (SInv)
You cover ground extremely quickly. (Speed+++)


Message History

Casting: Magic Dart (safe; 9% risk of failure)
Confirm with . or Enter, or press ? or * to list all spells.
Aiming: Magic Dart (safe; 9% risk of failure)
Press: ? - help, Shift-Dir - straight line, f/p - orc priest
Aim: an orc priest, wielding a +0 short sword and wearing a +0 ring mail (lightly wounded, 100% to hit)
The magic dart hits the orc priest.
The orc priest is moderately wounded.
The orc priest invokes the aid of Beogh against you.
Beogh smites you!
Ouch! That really hurt!
* * * LOW HITPOINT WARNING * * *
Casting: Magic Dart (safe; 9% risk of failure)
Confirm with . or Enter, or press ? or * to list all spells.
Aiming: Magic Dart (safe; 9% risk of failure)
Press: ? - help, Shift-Dir - straight line, f/p - orc priest
Aim: an orc priest, wielding a +0 short sword and wearing a +0 ring mail (moderately wounded, 100% to hit)
The magic dart hits the orc priest but does no damage.
The orc priest is moderately wounded.
You closely miss the orc priest.
The orc priest is moderately wounded.
The orc priest closely misses you.
You hit the orc priest.
The orc priest is moderately wounded.
The orc priest misses you.
You barely miss the orc priest.
The orc priest is moderately wounded.
The orc priest looks braver for a moment.
You barely miss the orc priest.
The orc priest is moderately wounded.
The orc priest misses you.
You hit the orc priest but do no damage.
The orc priest is moderately wounded.
The orc priest barely misses you.
You closely miss the orc priest.
The orc priest is moderately wounded.
The orc priest hits you with a +0 short sword.
* * * LOW HITPOINT WARNING * * *
The orc priest begins to cast a cantrip, but forgets the words!
The orc throws a boomerang.
The boomerang hits you.
You die...

........###.....#.....#...
.####....####'##'##+###..#
####.# #............#
#.#####...#......##
#...###...#...##.<.
###.#.......#......
#....#..##.#......
#.#.....##.#......
..#####@##..............
.............#.......†..
##......................
#............###........
...........o.o..........
...................#..#.
..................##..#.
###....#................
....................#.#


You could see an orc priest and an orc.

Vanquished Creatures
  An adder (D:3)
  An orc (D:3)
  7 bats
  7 endoplasms
  3 giant cockroaches
  3 goblins
  4 hobgoblins (D:2)
  4 jackals (D:1)
  3 quokkas
  5 ball pythons
  4 frilled lizards
  4 kobolds
  4 rats
50 creatures vanquished.

Vanquished Creatures (others)
  9 fungi (D:3)
  A plant (D:1)
  3 toadstools (D:3)
13 creatures vanquished.

Grand Total: 63 creatures vanquished

Notes
Turn   | Place    | Note
-------+----------+-------------------------------------------
     0 | D:1      | Descartes the Spriggan Wanderer began the quest for the
                  | Orb.
     0 | D:1      | Descartes set off with the following items: a +0 spear, a
                  | potion of lignification, a +0 robe; and the following spell
                  | memorised: Magic Dart; and the following spells available
                  | to memorise: Blink, Call Imp, Slow, Mephitic Cloud, Conjure
                  | Flame
     0 | D:1      | Reached XP level 1. HP: 10/10 MP: 5/5
   569 | D:1      | Found a faded altar of an unknown god.
   633 | D:1      | Reached skill level 1 in Conjurations
   800 | D:1      | Reached XP level 2. HP: 14/14 MP: 1/6
  2158 | D:2      | Reached XP level 3. HP: 18/18 MP: 4/8
  3381 | D:3      | Found a burning altar of Makhleb.
  3775 | D:3      | Hit by a boomerang thrown by an orc

Illustrated notes

Levels and vault maps discovered:
D:1:      giann_bridges, layout_basic, ebering_ecumenical_altar_webs
D:2:      layout_rooms, serial_rivers, chequers_serial_rivers_micro_e,
          chequers_serial_rivers_marsh, chequers_serial_rivers_marsh,
          chequers_serial_rivers_small_3, chequers_serial_rivers_micro_d,
          chequers_serial_rivers_large_b, kennysheep_path_1, minivault_27
D:3:      layout_rooms, lemuel_coloured_pillars_altar,
          mainiacjoe_overflow_24_doors, led_sif_pool, minmay_gold_behind_fungi,
          minmay_quantized

Skill      XL: |  1  2 |
---------------+-------+-----
Conjurations   | 1 2 |  2.7
Fighting       | |  1.5
Polearms       | |  1.0
Spellcasting   | |  2.6
Translocations | |  3.0
Air Magic      | |  1.0
Evocations     | |  2.6

Action                   || total
-------------------------++-------
Melee: Spear             ||    14
       Dagger            ||     6
 Cast: Magic Dart        ||   161
Armor: Robe              ||     4
Dodge: Dodged            ||    48
